 Dungeon Crawl Stone Soup version 0.29.1-2-gbd0b4ee654 (webtiles) character file.

Game seed: 5032813345647259033

1247 zeram the Poker (level 8, -2/58 HPs)
             Began as a Djinni Gladiator on Nov 10, 2022.
             Slain by an ice beast (18 damage)
             ... on level 6 of the Dungeon.
             The game lasted 00:10:14 (5800 turns).

zeram the Poker (Djinni Gladiator)                  Turns: 5800, Time: 00:10:14

Health: -2/58      AC:  7    Str: 19      XL:     8   Next: 79%
Gold:   223        EV: 13    Int: 12      God:
                   SH:  0    Dex: 14 (15)

rFire   + + .      SeeInvis .   a - +1 trident
rCold   x . .      Faith    .   (no shield)
rNeg    . . .      Spirit   .   b - +0 leather armour
rPois   ∞          Reflect  .   c - +0 helmet
rElec   .          Harm     .   p - +0 cloak {Will+}
rCorr   +          Rampage  .   n - +1 pair of gloves
Will    +....                   (boots unavailable)
Stlth   +.........              (no amulet)
HPRegen 0.19/turn               f - +6 ring of strength
MPRegen 0.00/turn               k - ring of resist corrosion

@: about to teleport, flying
A: sickness immunity, fire resistance 2, cold vulnerability 1, float, innate
caster, HP casting, extra vitality 1
a: no special abilities


You were on level 6 of the Dungeon.
You visited 1 branch of the dungeon, and saw 6 of its levels.

You collected 223 gold pieces.

Inventory:

Hand Weapons
 a - a +1 trident (weapon)
Armour
 b - a +0 leather armour (worn)
 c - a +0 helmet (worn)
 n - a +1 pair of gloves (worn)
 p - a +0 cloak of willpower (worn)
 v - the +2 kite shield "Oczilu" {Contam +Inv Regen+ Dex+4}
   (You found it on level 5 of the Dungeon)

   Dex:       It affects your dexterity (+4).
   +Inv:      It lets you turn invisible.
   Contam:    It causes magical contamination when unequipped.
   Regen:     It increases your rate of health regeneration.
Jewellery
 e - a +6 ring of dexterity
 f - a +6 ring of strength (left hand)
 k - a ring of resist corrosion (right hand)
Wands
 s - a wand of roots (4)
 t - a wand of polymorph (9)
Scrolls
 g - a scroll of poison
 i - a scroll of acquirement {unknown}
 o - a scroll of butterflies
 q - a scroll of magic mapping
 u - 2 scrolls of fear {unknown}
Potions
 d - 2 potions of haste {unknown}
 h - 4 potions of heal wounds
 j - a potion of mutation {unknown}
 l - a potion of brilliance
 m - 2 potions of degeneration
 r - a potion of curing


   Skills:
 + Level 4.2 Fighting
 + Level 6.4 Polearms
 - Level 1.5 Throwing
 - Level 0.1 Armour
 + Level 5.0 Dodging
 * Level 1.2 Shields
 * Level 3.0 Spellcasting


You had 7 spell levels left.
You knew the following spells:

 Your Spells              Type           Power      Damage    Failure   Level
a - Shock                 Conj/Air       36%        1d5       9%          1
b - Ensorcelled Hibernat  Hex/Ice        18%        N/A       12%         2
c - Tukima's Dance        Hex            9%         N/A       24%         3
Your spell library was empty.

Dungeon Overview and Level Annotations

Branches:
Dungeon (6/15)             Temple (0/1) D:6

Altars:
Cheibriados
Wu Jian
Zin

Shops:
D:2 ?   D:5 *


Innate Abilities, Weirdness & Mutations

You are immune to sickness and miasma.
You are immune to poison.
Your flesh is very heat resistant. (rF++)
You are vulnerable to cold. (rC-)
You float through the air rather than walking.
You learn spells naturally, not from books.
Your magical power is your life essence.
You have superior vitality. (+4 MHP)


Message History

The quasit claws you but does no damage.
The quasit closely misses you. The bat misses you.
The ice beast barely misses you. Eustachio closely misses you.
The river rat bites you but does no damage.
You closely miss Eustachio.
Eustachio is almost dead.
The bat misses you. The quasit misses you. The quasit closely misses you.
The quasit claws you but does no damage.
The rat misses you. The bat hits you but does no damage.
Eustachio hits you with a +0 falchion. The ice beast completely misses you.
A gnoll bouda comes into view. It is wielding a +0 whip.
The quasit bites you but does no damage.
The quasit closely misses you. The quasit claws you.
The river rat bites you but does no damage.
You puncture Eustachio!
You kill Eustachio!
The quasit disappears in a puff of smoke!
The rat disappears in a puff of smoke!
The bat disappears in a puff of smoke!
The white imp disappears in a puff of smoke!
The bat disappears in a puff of smoke!
The river rat disappears in a puff of smoke!
The howler monkey hoots and howls with incredible vigour!
The ice beast closely misses you.
Your Dodging skill increases to level 5!
Your Shields skill increases to level 1!
Your Spellcasting skill increases to level 3!
Unknown command.
Unknown command.
As you read the scroll of teleportation, it crumbles to dust.
You feel strangely unstable. The orc hits you with a +0 flail.
The ice beast closely misses you.
Unknown command.
The orc attacks as you move away! The orc barely misses you.
The howler monkey hoots and howls with incredible vigour!
Things that are here:
a +0 falchion; a +0 leather armour; the human corpse of Eustachio The ice beast attacks as you move away!
The ice beast hits you.
* * * LOW HITPOINT WARNING * * *
The ice beast freezes you!!
You feel a terrible chill!
You die...

#.. #... #... ####.......
#... #.............
####...##.##..⌠...⌠..#
............#.........##.
........Y@.!....>..?...
........o.#......../#
#.#...#h###..⌠...⌠..##.
#.#...#.#..§5o.........
#.........#.........#
#...))..####.##o##.##
#.......# #)#....
####.......##.#....###
#..............###.o#


You could see an ice beast, a howler monkey (catching breath) and an orc.

Vanquished Creatures
  Eustachio (D:6)
  Menkaure (D:4)
  An ice beast (D:5)
  An ogre (D:4)
  2 centaurs
  2 phantoms (D:5)
  A bullfrog (D:4)
  A hound (D:5)
  An orc priest (D:3)
  Crazy Yiuf (D:4)
  Natasha (thrice) (D:4)
  4 iguanas
  An orc wizard (D:6)
  7 adders
  A white imp (D:3)
  A worm (D:2)
  A dart slug (D:2)
  12 orcs
  2 bats (D:1)
  2 endoplasms
  4 giant cockroaches
  6 goblins
  4 hobgoblins
  5 kobolds
  2 quokkas
  9 ball pythons
  4 frilled lizards
  4 rats
84 creatures vanquished.

Notes
Turn   | Place    | Note
-------+----------+-------------------------------------------
     0 | D:1      | zeram the Djinni Gladiator began the quest for the Orb.
     0 | D:1      | Reached XP level 1. HP: 18/18 MP: 0/0
   208 | D:1      | Reached XP level 2. HP: 23/23 MP: 0/0
   667 | D:1      | Found a faded altar of an unknown god.
   837 | D:2      | Reached XP level 3. HP: 29/29 MP: 0/0
   837 | D:2      | Learned a level 1 spell: Shock
   911 | D:2      | Reached skill level 3 in Polearms
  1125 | D:2      | Reached XP level 4. HP: 34/34 MP: 0/0
  1143 | D:2      | Found Gaibb's Magic Scroll Shoppe.
  1677 | D:3      | Reached XP level 5. HP: 37/39 MP: 0/0
  1677 | D:3      | Learned a level 2 spell: Ensorcelled Hibernation
  2291 | D:3      | Found a snail-covered altar of Cheibriados.
  2508 | D:3      | Found an ornate altar of the Wu Jian Council.
  2600 | D:3      | Reached skill level 1 in Spellcasting
  3049 | D:4      | Noticed Menkaure
  3059 | D:4      | Killed Menkaure
  3060 | D:4      | Reached skill level 4 in Polearms
  3060 | D:4      | Reached XP level 6. HP: 31/45 MP: 0/0
  3208 | D:4      | Noticed an ogre
  3216 | D:4      | HP: 2/45 [ogre/+0 giant spiked club (18)]
  3219 | D:4      | Killed an ogre
  3605 | D:4      | Noticed Natasha
  3610 | D:4      | Killed Natasha
  3611 | D:4      | Reached XP level 7. HP: 37/50 MP: 0/0
  3611 | D:4      | Learned a level 3 spell: Tukima's Dance
  3779 | D:4      | Noticed Natasha
  3787 | D:4      | Killed Natasha
  3796 | D:4      | Noticed Natasha
  3810 | D:4      | Killed Natasha
  4083 | D:4      | Reached skill level 5 in Polearms
  4252 | D:4      | Found a runed translucent door.
  4253 | D:4      | Noticed Crazy Yiuf
  4527 | D:4      | Killed Crazy Yiuf
  4682 | D:5      | Entered Level 5 of the Dungeon
  4990 | D:5      | Reached XP level 8. HP: 42/58 MP: 0/0
  5183 | D:5      | Identified the +2 kite shield "Oczilu" {Contam +Inv Regen+
                  | Dex+4}
  5324 | D:5      | Reached skill level 6 in Polearms
  5353 | D:5      | Found a glowing silver altar of Zin.
  5426 | D:5      | Found Anolucat's Neck Hole.
  5726 | D:6      | Found a staircase to the Ecumenical Temple.
  5746 | D:6      | Noticed Eustachio
  5797 | D:6      | Killed Eustachio
  5798 | D:6      | Reached skill level 5 in Dodging
  5798 | D:6      | Reached skill level 1 in Shields
  5800 | D:6      | Slain by an ice beast

Illustrated notes

Levels and vault maps discovered:
D:1:      roderic_chinese_lattice_arrival, layout_basic,
          shapermc_ecumenical_altar_petra
D:2:      layout_loops_ring, serial_shops, shop
D:3:      minmay_wonky_spiral, layout_loops_corners, overflow_temple_1_default,
          nicolae_overflow_hidden_temple, amcnicky_mini_pool_small
D:4:      layout_loops_corners, uniq_crazy_yiuf_cottage, uniq_menkaure,
          uniq_natasha
D:5:      nicolae_cairo_tiling_large_dashed, layout_rooms, zin_academy,
          nicolae_shop_sticking_my_neck_out
D:6:      layout_loops_cross, minmay_temple_entry_large_hall, uniq_eustachio

Skill      XL: |  1  2  3  4  5  6  7  8 |
---------------+-------------------------+-----
Polearms       | 3 4 5 6 |  6.4
Dodging        | 4 5 |  5.0
Spellcasting   | 1 2 3 |  3.0
Fighting       | 3 4 |  4.2
Shields        | 1 |  1.2
Throwing       | |  1.5
Armour         | |  0.1

Action                   |  1- 3 |  4- 6 |  7- 9 || total
-------------------------+-------+-------+-------++-------
Melee: Trident           |    75 |   102 |   214 ||   391
       Punch             |       |       |     1 ||     1
  Use: Scroll            |     7 |     3 |     4 ||    14
       Potion            |       |     1 |     2 ||     3
 Stab: Sleeping          |     2 |     2 |     1 ||     5
Armor: Leather armour    |    25 |    18 |   105 ||   148
Dodge: Dodged            |    34 |    49 |   177 ||   260
